 Dungeon Crawl Stone Soup version 0.27-a0-1545-g3eddc1d3d3 (webtiles) character file.

Game seed: 3247529546833814366

82 Kinoniko the Chopper (level 4, 0/35 (37) HPs)
             Began as a Hill Orc Gladiator on July 13, 2021.
             Slain by a wight (2 damage)
             ... on level 3 of the Dungeon.
             The game lasted 00:01:56 (3026 turns).

Kinoniko the Chopper (Hill Orc Gladiator)           Turns: 3026, Time: 00:01:56

HP:   0/35 (37)     AC:  6    Str: 17    XL:     4   Next: 43%
MP:   4/4           EV: 11    Int:  8    God:
Gold: 184           SH:  0    Dex: 12    Spells: 3/3 levels left

rFire    . . .     SeeInvis .   a - +0 war axe
rCold    . . .     Faith    .   (no shield)
rNeg     . . .     Spirit   .   k - +0 ring mail
rPois    .         Reflect  .   c - +0 helmet
rElec    .         Harm     .   (no cloak)
rCorr    .         Rampage  .   (no gloves)
Will     .....                  (no boots)
Stlth    +.........             (no amulet)
HPRegen  0.11/turn              (no ring)
MPRegen  0.09/turn              (no ring)

@: mighty, brilliant, attractive, drained
A: no striking features
a: no special abilities


You were on level 3 of the Dungeon.
You visited 1 branch of the dungeon, and saw 3 of its levels.

You collected 184 gold pieces.

Inventory:

Hand Weapons
 a - a +0 war axe (weapon)
Missiles
 d - 3 throwing nets (quivered)
Armour
 b - a +0 leather armour
 c - a +0 helmet (worn)
 k - a +0 ring mail (worn)
Scrolls
 g - a scroll of enchant armour {unknown}
 l - a scroll of vulnerability {unknown}
Potions
 f - a potion of might
 i - a potion of curing {unknown}
 j - a potion of magic {unknown}


   Skills:
 - Level 2.4 Fighting
 * Level 6.2 Axes
 - Level 1.7 Throwing
 - Level 1.8 Armour
 - Level 2.4 Dodging


You had 3 spell levels left.
You didn't know any spells.
Your spell library was empty.

Dungeon Overview and Level Annotations

Branches:
Dungeon (3/15)

Altars:


Message History

There is an open door here.
You hit the wight.
The wight is moderately damaged.
You slash the wight! The wight hits you with a +0 trident.
You hit the wight.
The wight is heavily damaged.
You barely miss the wight. The wight hits you but does no damage.
The wight barely misses you.
You hit the wight.
The wight is severely damaged.
You hit the wight. You barely miss the wight. The wight closely misses you.
The wight hits you with a +0 trident.
You feel drained. The wight barely misses you.
The wight hits you with a +0 mace.
You barely miss the wight.
The wight is severely damaged.
You hit the wight but do no damage. You closely miss the wight.
The wight hits you with a +0 trident! The wight barely misses you.
The wight hits you with a +0 mace.
You feel drained. The wight barely misses you. The wight barely misses you.
You see here 17 stones.
It was a potion of might.
You feel very mighty all of a sudden.
The wight hits you with a +0 long sword!
* * * LOW HITPOINT WARNING * * *
It was a potion of attraction.
You feel attractive to monsters. The wight barely misses you.
It was a potion of brilliance.
You feel clever all of a sudden.
The wight hits you with a +0 long sword.
* * * LOW HITPOINT WARNING * * *
Unknown command.
You hit the wight.
The wight is severely damaged.
The wight barely misses you. The wight closely misses you.
You barely miss the wight.
The wight is severely damaged.
The wight hits you with a +0 long sword.
You die...

..........#####+####
# ..........# #
..........# #
..........# #
..........# #
..........# ###
..........# #<.
#######.### ### #@#
#z# #z#
..?...Kz.....#
...............
............###
..............
........!#.#.##
.............#


You could see 3 wights and a kobold.

Vanquished Creatures
  3 adders (D:2)
  An ufetubus (D:3)
  3 orcs (D:2)
  5 endoplasms
  2 giant cockroaches
  3 goblins
  4 hobgoblins
  7 jackals (D:1)
  4 quokkas
  4 ball pythons
  2 bats (D:2)
  2 frilled lizards (D:1)
  3 kobolds (D:1)
  A rat (D:2)
44 creatures vanquished.

Notes
Turn   | Place    | Note
-------+----------+-------------------------------------------
     0 | D:1      | Kinoniko the Hill Orc Gladiator began the quest for the
                  | Orb.
     0 | D:1      | Reached XP level 1. HP: 18/18 MP: 1/1
   179 | D:1      | Reached XP level 2. HP: 22/25 MP: 2/2
   351 | D:1      | Reached skill level 1 in Armour
   674 | D:1      | Reached skill level 5 in Axes
   677 | D:1      | Reached XP level 3. HP: 18/30 MP: 3/3
   802 | D:1      | Found a faded altar of an unknown god.
  2499 | D:2      | Reached skill level 6 in Axes
  2499 | D:2      | Reached XP level 4. HP: 37/37 MP: 4/4
  3024 | D:3      | HP: 1/35 [wight (6)]
  3026 | D:3      | Slain by a wight

Illustrated notes

Levels and vault maps discovered:
D:1:      tarquinn_simple_flora_water_c, layout_basic,
          shapermc_ecumenical_altar_notcrosses
D:2:      layout_basic, chequers_serial_rivers_micro_d
D:3:      layout_basic

Skill      XL: |  1  2  3 |
---------------+----------+-----
Armour         | 1 |  1.8
Axes           | 5 6 |  6.2
Fighting       | |  2.4
Throwing       | |  1.7
Dodging        | |  2.4

Action                   |  1- 3 |  4- 6 || total
-------------------------+-------+-------++-------
Melee: War axe           |    85 |    37 ||   122
  Use: Potion            |       |     3 ||     3
Armor: Leather armour    |    24 |       ||    24
       Ring mail         |    13 |    16 ||    29
Dodge: Dodged            |    78 |    37 ||   115

Table legend: (Time is in decaauts)
 A = Elapsed time spent in this place.
 B = Non-inter-level travel time spent in this place.
 C = Inter-level travel time spent in this place.
 D = Time resting spent in this place.
 E = Time spent auto-exploring this place.
 F = Levels seen in this place.
 G = Mean time per level.
                   A        B        C        D        E       F      G
               +--------+--------+--------+--------+--------+-----+--------+
         Total |   3055 |   2306 |    749 |    237 |   1803 |   3 | 1018.3 |
       Dungeon |   3055 |   2306 |    749 |    237 |   1803 |   3 | 1018.3 |
               +--------+--------+--------+--------+--------+-----+--------+

Top non-repeatable levels by time:
     D:1: 2032 daAuts
     D:2: 888 daAuts
     D:3: 133 daAuts
